 Dungeon Crawl Stone Soup version 0.24-a0-618-ge4662a2 (console) character file.

Game seed: 8396043886223095032, levelgen mode: deterministic

7 vegansnacktivist the Insei (level 2, -1/18 HPs)
             Began as an Octopode Transmuter on Sept 15, 2019.
             Slain by a goblin
             ... wielding a +0 dagger
              (5 damage)
             ... on level 1 of the Dungeon.
             The game lasted 00:00:16 (40 turns).

vegansnacktivist the Insei (Octopode Transmuter)      Turns: 40, Time: 00:00:17

Health: -1/18      AC:  1    Str:  9    XL:     2   Next: 0%
Magic:  5/5        EV: 13    Int: 15    God:
Gold:   0          SH:  0    Dex: 12    Spells: 4/5 levels left

rFire    . . .     SeeInvis .     - Unarmed
rCold    . . .     Gourm    .   (no shield)
rNeg     . . .     Faith    .   (helmet restricted)
rPois    .         Spirit   .   (no amulet)
rElec    .         Reflect  .   (no ring)
rCorr    .         Harm     .   (no ring)
MR       .....                  (no ring)
Stlth    +++.......             (no ring)
HPRegen  0.06/turn              (no ring)
MPRegen  0.09/turn              (no ring)
                                (no ring)
                                (no ring)

@: no status effects
A: almost no armour, stealthy swim, amphibious, 8 rings, constrict 8, camouflage
1, gelatinous body 1
a: no special abilities


You were on level 1 of the Dungeon.
You were not hungry.

You visited 1 branch of the dungeon, and saw 1 of its levels.

Inventory:

Missiles
 a - 12 arrows
Comestibles
 c - a ration


   Skills:
 - Level 1.0 Fighting
 - Level 2.0 Dodging
 + Level 2.3 Stealth
 - Level 3.0 Unarmed Combat
 - Level 2.0 Spellcasting
 - Level 2.0 Transmutations


You had 4 spell levels left.
You knew the following spells:

 Your Spells              Type           Power        Failure   Level  Hunger
a - Beastly Appendage     Tmut           #.....       10%         1    #......

Your spell library contained the following spells:

 Spells                   Type           Power        Failure   Level  Hunger
 Sticks to Snakes         Tmut           #.......     14%         2    ###....
 Spider Form              Tmut/Pois      #.........   41%         3    ###....
 Ice Form                 Ice/Tmut       #.......     82%         4    #####..
 Blade Hands              Tmut           #.........   95%         5    ######.


Dungeon Overview and Level Annotations

Branches:
Dungeon (1/15)

Altars:


Innate Abilities, Weirdness & Mutations

You cannot wear most types of armour.
You are very stealthy in the water. (Stealth+)
You are amphibious.
You can wear up to eight rings at the same time.
You can use your tentacles to constrict eight enemies at once.
Your skin changes colour to match your surroundings (Stealth+).
Your rubbery body absorbs attacks. (AC +1, EV +1)


Message History

You are too injured to fight recklessly!
You are too injured to fight recklessly!
You are too injured to fight recklessly!
You are too injured to fight recklessly!
You are too injured to fight recklessly!
You release your grip on the hobgoblin.
The bat hits you.
* * * LOW HITPOINT WARNING * * *
The bat closely misses you.
You see here 9 gold pieces.
A goblin comes into view. It is wielding a +0 dagger.
The bat barely misses you. x2
The bat hits you but does no damage. x2
The bat closely misses you.
Found a stone staircase leading down.
The bat hits you.
* * * LOW HITPOINT WARNING * * *
The goblin shouts!
You hear a shout!
The bat closely misses you. The bat hits you but does no damage.
The goblin hits you with a +0 dagger.
You die...

#......##...##........#
#......#.[...#.#....#.#
......†.$......#......#
#........###.###.####.#
#.....##..##...... ...
#..... ##g####...# ##
#.... #b# .....
#.....###b###..####
........@......#
####..###g.##.## ...
##.# # ..# .># #.. .##


You could see a hobgoblin, a goblin and 2 bats.

Vanquished Creatures
  An ooze (D:1)
  A leopard gecko (D:1)
2 creatures vanquished.

Notes
Turn   | Place    | Note
-------+----------+-------------------------------------------
     0 | D:1      | vegansnacktivist the Octopode Transmuter began the quest
                  | for the Orb.
     0 | D:1      | Reached XP level 1. HP: 13/13 MP: 3/3
    12 | D:1      | Reached skill level 1 in Stealth
    30 | D:1      | Reached XP level 2. HP: 11/18 MP: 5/5
    40 | D:1      | Slain by a goblin

Levels and vault maps discovered:
D:1:      roderic_crossed_star, layout_basic

Skill      XL: |  1 |
---------------+----+-----
Stealth        | 2 |  2.3
Fighting       | |  1.0
Dodging        | |  2.0
Unarmed Combat | |  3.0
Spellcasting   | |  2.0
Transmutations | |  2.0

Action                   || total
-------------------------++-------
Melee: Unarmed           ||    13
       Kick              ||     3
       Constrict         ||     2
       Punch             ||     1
 Cast: Beastly Appendage ||     1
Armor: Skin              ||     4
Dodge: Dodged            ||    19

Table legend:
 A = Non-vault XP
 B = Vault XP
 C = Vault XP percentage of total XP
 D = Non-vault monster count
 E = Vault monster count
 F = Vault count percentage of total count
                 A         B        C        D         E       F
            +---------+---------+-------+---------+---------+-------
      Total |      10 |       0 |   0.0 |       2 |       0 |   0.0
            +---------+---------+-------+---------+---------+-------
        D:1 |      10 |       0 |   0.0 |       2 |       0 |   0.0
            +---------+---------+-------+---------+---------+-------
